 Dungeon Crawl Stone Soup version 0.18.1-48-g4cf74bf (webtiles) character file.

1493 torvon the Destroyer (level 8, -2/59 HPs)
             Began as a White Draconian Conjurer on Aug 13, 2016.
             Was a Believer of Qazlal.
             Slain by an orc warrior
             ... wielding a +0 battleaxe
              (8 damage)
             ... on level 6 of the Dungeon.
             The game lasted 00:43:37 (7543 turns).

torvon the Destroyer (White Draconian Conjurer)     Turns: 7543, Time: 00:43:37

Health: -2/59      AC:  7    Str: 11    XL:     8   Next: 51%
Magic:  4/25       EV: 10    Int: 18    God:    Qazlal [**....]
Gold:   290        SH:  3    Dex: 11    Spells: 3 memorised, 9 levels left

rFire  . . .     SeeInvis .     t - +0 falchion
rCold  + . .     Gourm    .     (armour unavailable)
rNeg   . . .     Faith    .     (no shield)
rPois  .         Spirit   .     (helmet restricted)
rElec  .         Dismiss  .     E - +0 cloak
rCorr  .         Reflect  .     (no gloves)
SustAt .         Harm     .     (no boots)
MR     .....                    (no amulet)
Stlth  +.........               o - ring of magical power
                                w - -2 ring of evasion (curse)

@: not resistant to hostile enchantments, very unstealthy
A: breathe frost, unfitting armour, cold resistance 1, cold-blooded, AC +6
a: Breathe Frost, Upheaval, Renounce Religion


You were on level 6 of the Dungeon.
You worshipped Qazlal.
Qazlal was pleased with you.
You were not hungry.

You visited 1 branch of the dungeon, and saw 6 of its levels.

You collected 290 gold pieces.

Inventory:

Hand Weapons
 c - a cursed -3 morningstar
 t - a +0 falchion (weapon)
 A - a +2 whip of venom
 F - a +4 quarterstaff of chaos
 Q - a +6 falchion of holy wrath
Missiles
 q - 58 poisoned needles
 P - 5 tomahawks (quivered)
Armour
 E - a +0 cloak (worn)
 G - a +0 cloak
 L - a +0 large shield
Jewellery
 o - a ring of magical power (right hand)
 w - a cursed -2 ring of evasion (left hand)
 H - an uncursed ring of wizardry {unknown}
Wands
 N - a wand of digging (18/24)
Scrolls
 i - 3 scrolls of recharging
 m - a scroll of teleportation
 u - a scroll of immolation {unknown}
 v - a scroll of enchant armour {unknown}
 x - 2 scrolls of identify {unknown}
 y - a scroll of random uselessness {unknown}
 I - a scroll of enchant weapon {unknown}
Potions
 d - a potion of beneficial mutation {unknown}
 e - a potion of ambrosia {unknown}
 l - a potion of haste {unknown}
 n - a potion of degeneration {unknown}
 p - 3 potions of curing {unknown}
 r - 2 potions of heal wounds
 z - a potion of lignification {unknown}
 B - 2 potions of might {unknown}
 C - a potion of berserk rage {unknown}
 D - a potion of magic {unknown}
 J - 3 potions of agility
Books
 a - a book of Conjurations

   Spells                             Type                      Level
   a - Magic Dart                     Conjuration                  1
   b - Searing Ray                    Conjuration                  2
   c - Dazzling Spray                 Conjuration/Hexes            3
   d - Fulminant Prism                Conjuration/Hexes            4
   e - Iskenderun's Mystic Blast      Conjuration                  4
   f - Iskenderun's Battlesphere      Conjuration/Charms           5
 s - a book of Summonings

   Spells                             Type                      Level
   a - Recall                         Summoning/Translocation      3
   b - Aura of Abjuration             Summoning                    5
   c - Summon Demon                   Summoning                    5
   d - Summon Forest                  Summoning/Translocation      5
   e - Summon Mana Viper              Hexes/Summoning              5
   f - Shadow Creatures               Summoning                    6
Comestibles
 b - 4 bread rations
 g - a fruit
 M - a beef jerky


   Skills:
 - Level 1.5 Fighting
 - Level 1.7 Dodging
 - Level 1.7 Stealth
 - Level 5.3 Spellcasting
 * Level 9.1 Conjurations
 + Level 2.0 Hexes
 + Level 2.6 Invocations


You had 9 spell levels left.
You knew the following spells:

 Your Spells              Type           Power        Failure   Level  Hunger
a - Magic Dart            Conj           ####         1%          1    None
b - Iskenderun's Mystic   Conj           #####...     2%          4    ####...
c - Dazzling Spray        Conj/Hex       ###...       4%          3    ##.....


Dungeon Overview and Level Annotations

Branches:
Dungeon (6/15)
 Temple: D:4-7

Altars:
Cheibriados
Elyvilon
Fedhas
Gozag
Nemelex Xobeh
Pakellas
Qazlal
Ru
Xom
The Shining One


Innate Abilities, Weirdness & Mutations

You can breathe waves of freezing cold.
You can buffet flying creatures when you breathe cold.
Your icy white scales are hard (AC +6).
Your body does not fit into most forms of armour.
Your flesh is cold resistant.
You are cold-blooded and may be slowed by cold attacks.


Message History

The spray of energy hits the orc warrior.
The orc warrior is severely wounded.
The orc warrior barely misses you.
Casting: Dazzling Spray
Confirm with . or Enter, or press ? or * to list all spells.
Aiming: Iskenderun's Mystic Blast
Press: ? - help, Shift-Dir - straight line, f/p - orc warrior
Aim: an orc warrior, wielding a battleaxe and wearing a plate armour (severely wounded)
The orb of energy hits the orc warrior.
The orc warrior is almost dead.
The orb of energy explodes!
Casting: Iskenderun's Mystic Blast
Confirm with . or Enter, or press ? or * to list all spells.
Aiming: Magic Dart
Press: ? - help, Shift-Dir - straight line, f/p - orc warrior
Aim: an orc warrior, wielding a battleaxe and wearing a plate armour (almost dead)
The magic dart hits the orc warrior.
The orc warrior is almost dead.
The orc warrior hits you with a battleaxe!
You die...

#.# ##.##..# #
##.# ####>.#
#..# #..# #.##
#..# #.# #..#
#.# #..# #.#
#.#########
#..@o..).)#
#########......
..... .#.# # #


You could see an orc warrior.

Vanquished Creatures
  Eustachio (D:5)
  A sky beast (D:5)
  An ice beast (D:5)
  2 ogres
  A centaur (D:5)
  2 scorpions
  A howler monkey (D:5)
  3 crimson imps
  A giant frog zombie (D:5)
  Crazy Yiuf (D:4)
  4 orc priests
  A worker ant (D:4)
  3 orc wizards
  A howler monkey zombie (D:5)
  11 adders
  8 gnolls
  2 shadow imps
  3 oozes
  An adder skeleton (D:5)
  2 worms (D:2)
  A dart slug (D:1)
  3 giant geckos
  34 orcs
  12 bats
  8 giant cockroaches
  15 goblins
  9 hobgoblins
  2 jackals (D:1)
  9 kobolds
  3 quokkas
  3 ball pythons
  7 giant newts
  A quokka skeleton (D:5)
  5 rats
  3 fungi (D:4)
165 creatures vanquished.

Notes
Turn   | Place    | Note
--------------------------------------------------------------
     0 | D:1      | torvon the Draconian Conjurer began the quest for the Orb.
     0 | D:1      | Reached XP level 1. HP: 14/14 MP: 3/3
   387 | D:1      | Reached XP level 2. HP: 22/22 MP: 3/5
   810 | D:1      | Reached XP level 3. HP: 27/27 MP: 3/6
   933 | D:1      | Reached skill level 1 in Fighting
  1542 | D:2      | Reached XP level 4. HP: 35/35 MP: 1/7
  1794 | D:2      | Learned a level 4 spell: Iskenderun's Mystic Blast
  1796 | D:2      | Found a blossoming altar of Fedhas.
  1806 | D:2      | Found a shimmering altar of Xom.
  1838 | D:2      | Reached skill level 5 in Conjurations
  2578 | D:2      | Found a blossoming altar of Fedhas.
  2584 | D:2      | Found an opulent altar of Gozag.
  2584 | D:2      | Found an oddly glowing altar of Pakellas.
  2584 | D:2      | Found a glowing golden altar of the Shining One.
  2596 | D:2      | Found a sparkling altar of Nemelex Xobeh.
  2603 | D:2      | Found a stormy altar of Qazlal.
  2610 | D:2      | Found a sacrificial altar of Ru.
  2641 | D:2      | Became a worshipper of Qazlal Stormbringer
  2810 | D:3      | Reached XP level 5. HP: 40/40 MP: 1/9
  2882 | D:3      | Found a snail-covered altar of Cheibriados.
  3673 | D:4      | Reached skill level 6 in Conjurations
  3844 | D:3      | Reached * piety under Qazlal
  3844 | D:3      | Reached XP level 6. HP: 47/47 MP: 7/11
  3845 | D:3      | Found a white marble altar of Elyvilon.
  5345 | D:4      | Noticed Crazy Yiuf
  5348 | D:4      | Killed Crazy Yiuf
  5348 | D:4      | Reached skill level 7 in Conjurations
  5541 | D:4      | Your scales start taking on an icy white colour.
  5541 | D:4      | Reached XP level 7. HP: 33/52 MP: 13/13
  5541 | D:4      | Gained mutation: Your flesh is cold resistant. [White Draconian growth]
  5627 | D:5      | Entered Level 5 of the Dungeon
  5897 | D:5      | Reached ** piety under Qazlal
  5897 | D:5      | Reached skill level 8 in Conjurations
  5958 | D:5      | Reached skill level 5 in Spellcasting
  6190 | D:5      | Reached XP level 8. HP: 59/59 MP: 8/15
  6811 | D:5      | Learned a level 3 spell: Dazzling Spray
  6961 | D:5      | Reached skill level 1 in Invocations
  7092 | D:5      | Noticed Eustachio
  7110 | D:5      | Killed Eustachio
  7110 | D:5      | Reached skill level 1 in Hexes
  7331 | D:6      | Reached skill level 9 in Conjurations
  7543 | D:6      | Slain by an orc warrior

Skill      XL: |  1  2  3  4  5  6  7  8 |
---------------+-------------------------+-----
Fighting       | 1 |  1.5
Conjurations   | 5 6 7 8 9 |  9.1
Spellcasting   | 3 4 5 |  5.3
Invocations    | 2 |  2.6
Hexes          | 2 |  2.0
Dodging        | |  1.7
Stealth        | |  1.7

Action                   |  1- 3 |  4- 6 |  7- 9 || total
-------------------------+-------+-------+-------++-------
Melee: Unarmed           |    24 |       |       ||    24
       Tailslap          |     9 |    29 |     3 ||    41
       Club              |    36 |    29 |       ||    65
       Falchion          |       |   154 |    65 ||   219
 Cast: Magic Dart        |    58 |   159 |    77 ||   294
       Iskenderun's Myst |       |    15 |    29 ||    44
       Dazzling Spray    |       |       |     1 ||     1
  Use: Scroll            |       |     5 |     2 ||     7
       Potion            |       |       |     1 ||     1
  Eat: Meat ration       |     1 |     1 |       ||     2
       Chunk             |       |     2 |     1 ||     3
       Fruit             |       |     1 |     1 ||     2
       Beef jerky        |       |     2 |       ||     2
       Bread ration      |       |     1 |     2 ||     3
       Pizza             |       |       |     1 ||     1
Armor: Skin              |    33 |    53 |    30 ||   116
Dodge: Dodged            |    75 |    90 |    61 ||   226
Block: Other             |       |     4 |    11 ||    15
